 Dungeon Crawl Stone Soup version 0.22.0-21-g8bd1b0a76a (webtiles) character file.

82960 Elric the Cleaver (level 15, -9/122 HPs)
             Began as a Demonspawn Fighter on Aug 19, 2018.
             Was the Champion of Qazlal.
             Mangled by a wolf spider (17 damage)
             ... on level 1 of the Spider Nest.
             The game lasted 01:05:24 (25438 turns).

Elric the Cleaver (Demonspawn Fighter)             Turns: 25438, Time: 01:05:25

Health: -9/122     AC: 35    Str: 25 (26) XL:     15   Next: 31%
Magic:  12/24      EV: 11    Int:  9      God:    Qazlal [******]
Gold:   1027       SH:  8    Dex: 15      Spells: 14/14 levels left

rFire    . . .     SeeInvis +   o - +10 great sword of Soti {freeze, +Blink rPois}
rCold    + . .     Gourm    .   (shield currently unavailable)
rNeg     . . .     Faith    +   K - +0 plate armour
rPois    +         Spirit   .   d - +2 hat {MR+}
rElec    .         Reflect  .   F - +2 cloak
rCorr    .         Harm     .   Q - +1 pair of gloves {Str+3}
MR       ++...                  p - +0 pair of boots {Stlth+}
Stlth    ..........             C - amulet of faith
HPRegen  0.30/turn              G - +5 ring of slaying
MPRegen  0.19/turn              s - ring of see invisible

@: lethally poisoned (-9 -> -21), protected from physical damage, sanguine
armour, repel missiles
A: antennae 1, claws 2, see invisible, cold resistance 1, demonic guardian 1,
powered by death 2, strong 1, wild magic 1, augmentation 1, sanguine armour 2
a: Upheaval, Elemental Force, Disaster Area, Renounce Religion, Evoke Blink


You were on level 1 of the Spider Nest.
You worshipped Qazlal.
Qazlal was exalted by your worship.
You were hungry.

You visited 5 branches of the dungeon, and saw 25 of its levels.

You collected 2010 gold pieces.
You spent 983 gold pieces at shops.

Inventory:

Hand Weapons
 o - the +10 great sword of Soti (weapon) {freeze, +Blink rPois}
   (You bought it in a shop on level 2 of the Orcish Mines)

   It has been specially enchanted to freeze those struck by it, causing extra
   injury to most foes and up to half again as much damage against particularly
   susceptible opponents.
   It can also slow down cold-blooded creatures.
   It protects you from poison.
   It lets you blink.
 S - a +0 broad axe
Armour
 c - a +0 shield
 d - a +2 hat of magic resistance (worn)
 p - a +0 pair of boots of stealth (worn)
 F - a +2 cloak (worn)
 J - a +0 large shield
 K - a +0 plate armour (worn)
 Q - a +1 pair of gloves of strength (worn)
Jewellery
 e - a +3 ring of strength
 s - a ring of see invisible (right hand)
 C - an amulet of faith (around neck)
 E - an uncursed ring of poison resistance {unknown}
 G - a +5 ring of slaying (left hand)
Wands
 t - a wand of digging (22)
 x - a wand of scattershot (2)
 y - a wand of iceblast (1)
 A - a wand of disintegration (1)
 B - a wand of paralysis (17)
 D - a wand of acid (21)
 H - a wand of flame (53)
 W - a wand of random effects (16)
 X - a wand of clouds (7)
 Y - a wand of polymorph (11)
Scrolls
 b - 7 scrolls of identify
 g - 11 scrolls of remove curse
 j - 18 scrolls of teleportation
 k - 2 scrolls of amnesia
 l - a scroll of random uselessness
 m - 2 scrolls of blinking
 r - 4 scrolls of immolation
 w - 3 scrolls of magic mapping
 R - a scroll of enchant weapon
 Z - a scroll of fog
Potions
 a - a potion of agility {unknown}
 h - 2 potions of degeneration
 i - 5 potions of brilliance
 n - 2 potions of haste
 q - a potion of ambrosia
 u - a potion of magic {unknown}
 v - 5 potions of flight
 z - 6 potions of curing
 L - 3 potions of lignification {unknown}
 U - 2 potions of berserk rage {unknown}
Miscellaneous
 N - a lamp of fire
 V - a fan of gales
Comestibles
 f - 25 rations


   Skills:
 + Level 12.5 Fighting
 * Level 13.5 Axes
 - Level 8.6 Armour
 - Level 7.9 Dodging
 - Level 8.6 Shields
 + Level 13.0 Invocations
 + Level 8.7 Evocations


You had 14 spell levels left.
You didn't know any spells.
Your spell library contained the following spells:

 Spells                   Type           Power        Failure   Level  Hunger
 Beastly Appendage        Tmut           #.....       99%         1    ##.....
 Confusing Touch          Hex            #.....       99%         1    ##.....
 Corona                   Hex            #......      99%         1    ##.....
 Shock                    Conj/Air       #...         99%         1    ##.....
 Ensorcelled Hibernation  Hex/Ice        #.....       100%        2    ###....
 Sticks to Snakes         Tmut           #.......     100%        2    ###....
 Swiftness                Chrm/Air       #.......     100%        2    ###....
 Confuse                  Hex            #.......     100%        3    ####...
 Dazzling Spray           Conj/Hex       #.....       100%        3    ####...
 Gell's Gravitas          Tloc           #.........   100%        3    ####...
 Spider Form              Tmut/Pois      #.........   100%        3    ####...
 Static Discharge         Conj/Air       #.......     100%        3    ####...
 Tukima's Dance           Hex            #.......     100%        3    ####...
 Airstrike                Air            #.........   100%        4    #####..
 Ice Form                 Ice/Tmut       #.......     100%        4    #####..
 Petrify                  Tmut/Erth      #.......     100%        4    #####..
 Blade Hands              Tmut           #.........   100%        5    ######.
 Lightning Bolt           Conj/Air       #.........   100%        5    ######.
 Metabolic Englaciation   Hex/Ice        #.........   100%        5    ######.
 Yara's Violent Unravell  Hex/Tmut       #.........   100%        5    ######.


Dungeon Overview and Level Annotations

Branches:
Dungeon (15/15)            Temple (1/1) D:7            Lair (5/6) D:9
 Shoals (0/4) Lair:3       Spider (2/4) Lair:4          Orc (2/2) D:10
    Elf (0/3) Orc:2        Depths (0/5) D:15
  Slime: Lair:5-6    Vaults: D:13-14

Altars:
Ashenzari
Cheibriados
Dithmenos
Elyvilon
Fedhas
Gozag
Hepliaklqana
Kikubaaqudgha
Makhleb
Nemelex Xobeh
Okawaru
Qazlal
Ru
Sif Muna
Trog
Uskayaw
Vehumet
Wu Jian
Xom
Yredelemnul
Zin
The Shining One

Shops:
D:5 %   D:8 (   D:11 [   Orc:2 }(:}%:?((


Innate Abilities, Weirdness & Mutations

You have very sharp fingernails.
A weak demonic guardian rushes to your aid.
You regenerate health from kills.
Your magical and physical power is slightly enhanced at high health.
When seriously injured, your bleeding wounds create thick armour. (AC +9)
You have a pair of small antennae on your head.
You have supernaturally acute eyesight. (SInv)
Your flesh is cold resistant. (rC+)
Your muscles are strong. (Str +2)
Your spells are a little harder to cast, but a little more powerful.


Message History

The ghost moth is struck by lightning.
You closely miss the wolf spider.
The wolf spider is lightly wounded.
You feel very sick.
The wolf spider is engulfed in freezing vapours.
The wolf spider barely misses you. The wolf spider bites you!
* * * LOW HITPOINT WARNING * * *
The wolf spider is engulfed in freezing vapours.
The wolf spider barely misses you.
You riposte.
You closely miss the wolf spider.
The wolf spider is moderately wounded.
The wolf spider bites you but does no damage.
The ghost moth stares at you.
You feel your power leaking away. The ghost moth barely misses you. x2
The ghost moth stings you but does no damage.
The wolf spider is engulfed in freezing vapours.
The wolf spider hits you but does no damage.
The wolf spider bites you!
You die...

##########################
###...##...#....^.[.......#.
#...#......##..##...##.#..#.
##........>.....#.#.##......
#..##.####....##.....#.#.#..
#######....##....##..#...#.#
#.>#s#§.#>†....##.#..#.
##.a§s@.§.##.....#(..#.
##^#y##.<#..##..###..#
#####..######.......#
#.#.###........#.#..
#............#...#..
#####.#...#..##.###>###
#.....#####..#..#....#.
#..#.#.#.#...##..#....#
##..)....#.#..#.....#..


You could see a ghost moth (invisible), an entropy weaver, a wolf spider
(berserk) and a redback.

Vanquished Creatures
  Gastronok (D:8)
  An emperor scorpion (Spider:1)
  Louise (Spider:1)
  A stone giant (Orc:2)
  A yaktaur captain (D:15)
  A rakshasa (D:14)
  7 hydras
  5 centaur warriors
  A tengu warrior (D:14)
  6 two-headed ogres
  3 death yaks (Lair:5)
  The ghost of Elehicya the Cleaver, a novice FoEn of Makhleb (D:15)
  9 skeletal warriors
  2 unseen horrors
  4 orc knights
  7 ugly things
  A wolf spider zombie (D:14)
  14 wolf spiders
  3 cyclopes
  2 moths of wrath (Spider:1)
  2 black mambas
  Maurice (D:11)
  2 centaur zombies
  A torpor snail (Lair:4)
  10 spiny frogs
  2 kobold demonologists (D:15)
  6 komodo dragons
  A yaktaur (D:15)
  2 rime drakes (Lair:4)
  An efreet (D:13)
  3 demonic crawlers (Spider:1)
  A troll (Orc:2)
  5 hornets (Spider:1)
  4 slime creatures
  Grinder (D:3)
  2 jumping spiders (Spider:1)
  11 blink frogs
  Prince Ribbit (D:5)
  4 hippogriffs
  7 dream sheep
  18 redbacks (Spider:1)
  A shadow (D:15)
  6 wyverns
  2 vampires
  41 yaks
  7 tarantellas
  2 wraiths
  A hog (shapeshifter) (D:14)
  A basilisk (Lair:1)
  2 hungry ghosts (D:13)
  2 wargs (D:15)
  An acid dragon (D:15)
  4 porcupines
  10 water moccasins
  A hornet zombie (D:8)
  6 ice beasts
  30 orc warriors
  2 phantoms
  An eye of draining (D:15)
  3 ogres
  6 sky beasts
  A black bear (Lair:2)
  A necrophage (D:11)
  19 centaurs
  10 wolves
  10 crocodiles
  3 big kobolds
  13 bullfrogs
  A wyvern zombie (D:13)
  A gnoll sergeant (D:4)
  5 scorpions
  2 wyvern skeletons
  A water moccasin skeleton (D:5)
  10 killer bees
  11 wights
  A howler monkey (D:11)
  A bullfrog zombie (D:5)
  6 crimson imps
  14 orc priests
  2 hounds
  3 jellies
  19 orc wizards
  2 bullfrog skeletons
  3 centaur skeletons
  5 worker ants
  A killer bee zombie (D:9)
  A hound zombie (D:8)
  Robin (D:3)
  4 gnolls
  9 adders
  6 shadow imps
  3 adder zombies (D:7)
  3 worms
  A dart slug (D:3)
  5 leopard geckos
  63 orcs
  3 ball pythons
  7 giant cockroaches
  17 goblins
  15 hobgoblins
  17 jackals
  3 quokkas
  6 bats
  7 frilled lizards
  14 kobolds
  5 rats
620 creatures vanquished.

Vanquished Creatures (collateral kills)
  An emperor scorpion (Spider:1)
  2 hydras
  A two-headed ogre (D:11)
  A wolf spider (Spider:1)
  A spiny frog (D:9)
  A centaur skeleton (D:10)
  A rime drake (Lair:4)
  A jumping spider (Lair:4)
  A blink frog (Lair:3)
  A redback (Spider:1)
  6 yaks
  A water moccasin (Lair:3)
  3 ice beasts
  A necrophage (D:7)
  A wolf (Lair:4)
  2 ogres
  A bullfrog (D:10)
  A bullfrog zombie (D:11)
  A jelly (D:6)
  An orc priest (D:7)
  An orc wizard (D:7)
  A shadow imp (D:5)
  A leopard gecko (D:7)
  6 orcs
38 creatures vanquished.

Vanquished Creatures (others)
  A skeletal warrior (D:12)
  An orc warrior (D:12)
  A centaur (Lair:3)
  4 orcs
  A fungus (Spider:1)
  6 plants (Lair:1)
14 creatures vanquished.

Grand Total: 672 creatures vanquished

Notes
Turn   | Place    | Note
-------+----------+-------------------------------------------
     0 | D:1      | Elric the Demonspawn Fighter began the quest for the Orb.
     0 | D:1      | Reached XP level 1. HP: 18/18 MP: 1/1
    66 | D:1      | Gained mutation: A weak demonic guardian rushes to your aid. [demonic ancestry]
    66 | D:1      | Reached XP level 2. HP: 17/24 MP: 2/2
   444 | D:1      | Gained mutation: You have sharp fingernails. [demonic ancestry]
   444 | D:1      | Reached XP level 3. HP: 29/29 MP: 3/3
  1476 | D:2      | Gained mutation: When seriously injured, your bleeding wounds create armour. (AC +9) [demonic ancestry]
  1476 | D:2      | Reached XP level 4. HP: 33/35 MP: 4/4
  1833 | D:3      | Noticed Grinder
  1930 | D:3      | Paralysed by Grinder for 5 turns
  2068 | D:3      | Paralysed by Grinder for 6 turns
  2084 | D:3      | Paralysed by Grinder for 4 turns
  2095 | D:3      | Killed Grinder
  2095 | D:3      | Reached skill level 1 in Dodging
  2095 | D:3      | Gained mutation: When seriously injured, your bleeding wounds create thick armour. (AC +9) [demonic ancestry]
  2095 | D:3      | Reached XP level 5. HP: 3/42 MP: 5/5
  2629 | D:3      | Noticed Robin
  2665 | D:3      | Reached XP level 6. HP: 39/48 MP: 6/6
  2668 | D:3      | Killed Robin
  4112 | D:5      | Entered Level 5 of the Dungeon
  4166 | D:5      | Gained mutation: You regenerate a little health from kills. [demonic ancestry]
  4166 | D:5      | Reached XP level 7. HP: 41/55 MP: 7/7
  4837 | D:5      | Found Seegrad's Food Shoppe.
  4969 | D:5      | Reached skill level 5 in Fighting
  5101 | D:5      | Noticed Prince Ribbit
  5108 | D:5      | Killed Prince Ribbit
  5108 | D:5      | Reached XP level 8. HP: 59/62 MP: 8/8
  5499 | D:6      | Reached skill level 5 in Armour
  5499 | D:6      | Reached skill level 5 in Shields
  6815 | D:7      | Found a staircase to the Ecumenical Temple.
  6838 | Temple   | Entered the Ecumenical Temple
  7165 | Temple   | Became a worshipper of Qazlal Stormbringer
  7204 | D:7      | Reached skill level 5 in Axes
  7582 | D:7      | Reached XP level 9. HP: 69/69 MP: 9/9
  7714 | D:7      | Reached * piety under Qazlal
  8330 | D:8      | Noticed Gastronok
  8352 | D:8      | Killed Gastronok
  8352 | D:8      | Reached skill level 5 in Dodging
  8352 | D:8      | Gained mutation: You regenerate health from kills. [demonic ancestry]
  8352 | D:8      | Reached XP level 10. HP: 29/79 MP: 10/10
  8658 | D:8      | Found Hecuivuqoh's Weapon Emporium.
  8893 | D:8      | Found a snail-covered altar of Cheibriados.
  9237 | D:9      | Found a staircase to the Lair.
  9696 | D:9      | Reached ** piety under Qazlal
 10132 | D:10     | Entered Level 10 of the Dungeon
 10413 | D:10     | Noticed a two-headed ogre
 10423 | D:10     | Killed a two-headed ogre
 10505 | D:10     | Reached XP level 11. HP: 83/86 MP: 11/11
 10727 | D:10     | Found a staircase to the Orcish Mines.
 10749 | D:10     | Reached *** piety under Qazlal
 10759 | D:10     | Found a deep blue altar of Sif Muna.
 10958 | Lair:1   | Entered Level 1 of the Lair of Beasts
 11158 | Lair:1   | Reached skill level 1 in Invocations
 12664 | Lair:2   | Noticed an eight-headed hydra
 12780 | Lair:2   | Reached skill level 5 in Invocations
 12845 | Lair:2   | Killed a nine-headed hydra
 13248 | Lair:2   | Gained mutation: Your magical and physical power is slightly enhanced at high health. [demonic ancestry]
 13248 | Lair:2   | Reached XP level 12. HP: 92/95 MP: 16/16
 13561 | Lair:3   | Noticed a seven-headed hydra
 13689 | Lair:2   | Killed a ten-headed hydra
 13960 | Lair:3   | Noticed a four-headed hydra
 13964 | Lair:3   | Killed a four-headed hydra
 13964 | Lair:3   | Reached skill level 1 in Evocations
 14023 | Lair:3   | Found a staircase to the Shoals.
 14576 | Lair:4   | Reached skill level 10 in Fighting
 14579 | Lair:4   | Noticed a six-headed hydra
 14583 | Lair:4   | Reached **** piety under Qazlal
 14589 | Lair:4   | Killed a six-headed hydra
 14675 | Lair:4   | Found a hole to the Spider Nest.
 14698 | Lair:4   | Gained mutation: You have very sharp fingernails. [demonic ancestry]
 14698 | Lair:4   | Reached XP level 13. HP: 83/103 MP: 19/19
 15040 | Lair:4   | Reached skill level 10 in Axes
 16890 | D:11     | Found Sessim's Antique Armour Shoppe.
 16934 | D:11     | Reached skill level 5 in Evocations
 16942 | D:11     | Reached skill level 10 in Invocations
 17151 | D:11     | Noticed Maurice
 17175 | D:11     | Killed Maurice
 18968 | Lair:5   | Got a crystal long sword
 18969 | Lair:5   | Identified the +8 long sword "Peumoepny" {antimagic, *Contam +Inv rPois Int-5} (You found it on level 5 of the Lair of Beasts)
 19104 | Orc:1    | Entered Level 1 of the Orcish Mines
 19153 | Orc:1    | Reached ***** piety under Qazlal
 19394 | Orc:2    | Entered Level 2 of the Orcish Mines
 19395 | Orc:2    | Found Zukleib's Book Emporium.
 19396 | Orc:2    | Found Zybakhluif's Weapon Shop.
 19397 | Orc:2    | Noticed a stone giant
 19429 | Orc:2    | Killed a stone giant
 19476 | Orc:2    | Reached XP level 14. HP: 103/113 MP: 7/22
 19918 | Orc:2    | Found a deep blue altar of Sif Muna.
 19930 | Orc:2    | Found Avoafa's Magic Scroll Boutique.
 19937 | Orc:2    | Bought a scroll of enchant weapon for 105 gold pieces
 19967 | Orc:2    | Found a staircase to the Elven Halls.
 19991 | Orc:2    | Found Ypimiuf's Antique Weapon Emporium.
 20050 | Orc:2    | Found Ididwieqidd's Gadget Emporium.
 20142 | Orc:2    | Found Gealuff's Book Emporium.
 20142 | Orc:2    | Found Uretakh's Gadget Shop.
 20144 | Orc:2    | Found Goecem's Food Boutique.
 20146 | Orc:2    | Found Kuqung's Weapon Shoppe.
 20751 | D:14     | Found a shattered altar of Ashenzari.
 21212 | Orc:2    | Gained mutation: Potions are less effective at restoring your health. [mutagenic glow]
 22046 | D:15     | Entered Level 15 of the Dungeon
 22260 | D:15     | Found a large runed door.
 22260 | D:15     | Found a large runed door.
 22437 | D:15     | Reached ****** piety under Qazlal
 22582 | D:15     | Lost mutation: Potions are less effective at restoring your health. [potion of mutation]
 22582 | D:15     | Gained mutation: Scrolls take you a little longer to read. [potion of mutation]
 22582 | D:15     | Gained mutation: Your body sometimes deteriorates upon taking damage. [potion of mutation]
 22582 | D:15     | Gained mutation: You have large cloven feet. [potion of mutation]
 22582 | D:15     | Gained mutation: Your natural rate of healing is unusually fast. [potion of mutation]
 22583 | D:15     | Lost mutation: You have large cloven feet. [potion of mutation]
 22583 | D:15     | Lost mutation: Scrolls take you a little longer to read. [potion of mutation]
 22583 | D:15     | Lost mutation: Your natural rate of healing is unusually fast. [potion of mutation]
 22583 | D:15     | Gained mutation: Your flesh is cold resistant. (rC+) [potion of mutation]
 22583 | D:15     | Gained mutation: You are clumsy. (Dex -2) [potion of mutation]
 22583 | D:15     | Gained mutation: Your muscles are strong. (Str +2) [potion of mutation]
 22584 | D:15     | Lost mutation: Your body sometimes deteriorates upon taking damage. [potion of mutation]
 22584 | D:15     | Lost mutation: You are clumsy. (Dex -2) [potion of mutation]
 22584 | D:15     | Gained mutation: You have a pair of small antennae on your head. [potion of mutation]
 22584 | D:15     | Gained mutation: You have supernaturally acute eyesight. (SInv) [potion of mutation]
 22584 | D:15     | Gained mutation: Your spells are a little harder to cast, but a little more powerful. [potion of mutation]
 23129 | D:15     | Found a staircase to the Depths.
 23162 | D:15     | Noticed Elehicya's ghost (novice FoEn)
 23183 | D:15     | Killed Elehicya's ghost
 23469 | Orc:2    | Bought the +10 great sword of Soti {freeze, +Blink rPois} for 878 gold pieces
 23657 | Spider:1 | Entered Level 1 of the Spider Nest
 23909 | Spider:1 | Reached XP level 15. HP: 69/121 MP: 16/24
 23933 | Spider:1 | Noticed Louise
 23945 | Spider:1 | Killed Louise
 25431 | Spider:2 | Noticed a ghost moth
 25438 | Spider:1 | Mangled by a wolf spider

Skill      XL: |  1  2  3  4  5  6  7  8  9 10 11 12 13 14 15 |
---------------+----------------------------------------------+-----
Axes           | 2 3 4 5 6 7 8 9 11 13 | 13.5
Armour         | 3 4 5 6 7 8 |  8.6
Shields        | 3 4 5 6 7 8 |  8.6
Fighting       | 4 5 6 7 8 9 10 11 12 | 12.5
Dodging        | 1 2 3 4 5 6 7 |  7.9
Invocations    | 6 9 11 12 13 | 13.0
Evocations     | 3 6 8 |  8.7

Action                   |  1- 3 |  4- 6 |  7- 9 | 10-12 | 13-15 || total
-------------------------+-------+-------+-------+-------+-------++-------
Melee: War axe           |   129 |   188 |   283 |   580 |   269 ||  1449
       Long sword        |       |       |       |       |   241 ||   241
       Broad axe         |       |       |       |       |   263 ||   263
       Great sword       |       |       |       |       |    96 ||    96
Invok: Elemental Force   |       |       |       |     4 |     2 ||     6
       Upheaval          |       |       |       |     2 |       ||     2
       Disaster Area     |       |       |       |       |     1 ||     1
Evoke: Wand              |       |       |       |     9 |    17 ||    26
  Use: Scroll            |       |     3 |       |    20 |    13 ||    36
       Potion            |       |     1 |     5 |     3 |     7 ||    16
 Stab: Distracted        |       |     1 |     3 |     5 |     3 ||    12
  Eat: Chunk             |     1 |     6 |     8 |    14 |    15 ||    44
       Ration            |       |     1 |     2 |     2 |     6 ||    11
Armor: Scale mail        |    71 |    73 |       |       |       ||   144
       Chain mail        |       |     1 |   144 |    28 |       ||   173
       Plate armour      |       |       |       |   254 |   615 ||   869
Dodge: Dodged            |    53 |    62 |    84 |   192 |   418 ||   809
       Deflected         |       |       |       |     2 |    21 ||    23
Block: Shield            |    80 |   123 |   147 |   554 |   817 ||  1721
       Other             |       |       |       |       |   103 ||   103
       Rpst.: Long sword |       |       |       |       |    15 ||    15
       Great sword       |       |       |       |       |    29 ||    29
